 Zot Defence DCSS version 0.15.2 (webtiles) character file.

831 Niddhoggr the Skirmisher (level 7, -9/66 HPs)
             Began as a Minotaur Berserker on Nov 17, 2015.
             Was a Follower of Trog.
             Mangled by a gnoll
             ... wielding a +0 spear
              (11 damage)
             ... in the Realm of Zot (Scenario V: Glassed Sandwich).
             The game lasted 00:08:26 (971 turns).

Niddhoggr the Skirmisher (Minotaur Berserker)        Turns: 971, Time: 00:08:26

HP  -9/66        AC  2     Str 23      XL: 7   Next: 65%
MP   3/3         EV 13     Int  5      God: Trog [*.....]
Gold 0           SH  0     Dex  9      Spells:  0 memorised,  6 levels left

rFire  . . .     SeeInvis .     a - +0 hand axe
rCold  . . .     Clarity  .     b - +0 animal skin
rNeg   . . .     rCorr    .     (no shield)
rPois  .         rRot     .     (helmet restricted)
rElec  .         Spirit   .     (no cloak)
SustAb .         Warding  .     (no gloves)
rMut   .         Stasis   .     (no boots)
Gourm  .                        (no amulet)
MR     .....                    (no ring)
                                (no ring)

@: exhausted, slowed, glowing, very slow, not resistant to hostile enchantments,
very unstealthy
A: retaliatory headbutt, horns 2
a: Make oklob sapling, Make arrow trap, Make plant, Remove Curse, Make burning
bush, Make altar, Make grenades, Make oklob plant, Burn Spellbooks, Berserk,
Renounce Religion


You were in the Realm of Zot.
You worshipped Trog.
Trog was aware of your devotion.
You were not hungry.

You visited 1 branch

Inventory:

Hand weapons
 a - a +0 hand axe (weapon)
 e - a +0 cutlass
Armour
 b - a +0 animal skin (worn)
Comestibles
 d - a bread ration
 j - a rotting chunk of jackal flesh
Scrolls
 i - a scroll of blinking
Potions
 c - 3 potions of curing
 f - a potion of haste
 g - 2 potions of magic
 h - a potion of berserk rage


   Skills:
 + Level 7.2 Fighting
 + Level 6.4 Axes
 + Level 3.7 Armour
 + Level 5.5 Dodging


You had 6 spell levels left.
You didn't know any spells.

Dungeon Overview and Level Annotations

Branches:
    Zot (1/1)

Altars:


Innate Abilities, Weirdness & Mutations

You reflexively headbutt those who attack you in melee.
You have a pair of horns on your head.


Message History

The gnoll hits you from afar with a spear!
* * * LOW HITPOINT WARNING * * *
Nuyre the rat comes into view.
An arrow hits the goblin!
The goblin dies!
Nuyre moves out of view.
Your oklob sapling spits acid at the gnoll.
The splash of acid hits the hobgoblin.
The hobgoblin writhes in agony as its flesh is eaten away!
The gnoll hits you from afar with a spear.
* * * LOW HITPOINT WARNING * * *
You slash the hobgoblin!
You kill the hobgoblin!
Trog accepts your kill.
The gnoll hits you from afar with a spear!
* * * LOW HITPOINT WARNING * * *
An arrow hits the gnoll shaman!
An arrow hits Nuyre!
Nuyre dies!
The gnoll hits you from afar with a spear!
You die...

▓▓▓▓▓▓▓▓▓▓▓▓▓▓▓▓▓▓▓▓▓▓▓▓▓▓▓▓▓▓▓▓▓
...............).................
..............▓▓^▓▓..............
.............▓▓.).▓▓.............
............▓▓..)..▓▓............
...........▓▓...))..▓▓...........
..........▓▓.....g...▓▓..........
▓▓▓▓▓▓▓▓▓▓▓.....))....▓▓▓▓▓▓▓▓▓▓▓
∆∆∆∆∆∆▓▓▓▓▓▓▓▓▓P@P▓▓▓▓▓▓▓▓∆∆∆∆∆∆∆
▓▓▓▓▓▓▓▓▓▓▓.....)P....▓▓▓▓▓▓▓▓▓▓▓
..........▓▓...)s)...▓▓..........
...........▓▓.%%).%.▓▓...........
............▓▓..)..▓▓............
.............▓▓.%.▓▓.............
..............▓▓g▓▓..............
.................................
▓▓▓▓▓▓▓▓▓▓▓▓▓▓▓▓▓▓▓▓▓▓▓▓▓▓▓▓▓▓▓▓▓


You could see a gnoll shaman, a gnoll, a giant mite and 3 friendly oklob
saplings.

Vanquished Creatures
  A deep elf mage (Zot)
  A goliath beetle (Zot)
  A jelly (Zot)
  2 gnoll shamans (Zot)
  A worm (Zot)
  An ooze (Zot)
  3 giant cockroaches (Zot)
  4 goblins (Zot)
  A hobgoblin (Zot)
  A jackal (Zot)
  A kobold (Zot)
  4 bats (Zot)
  3 giant newts (Zot)
  2 rats (Zot)
26 creatures vanquished.

Vanquished Creatures (collateral kills)
  A big kobold (Zot)
  2 orc wizards (Zot)
  Ijyb (Zot)
  A gnoll (Zot)
  4 giant mites (Zot)
  3 giant geckos (Zot)
  5 orcs (Zot)
  3 ball pythons (Zot)
  7 goblins (Zot)
  3 hobgoblins (Zot)
  5 jackals (Zot)
  5 bats (Zot)
  6 giant cockroaches (Zot)
  4 kobolds (Zot)
  A rat (Zot)
51 creatures vanquished.

Vanquished Creatures (others)
  An oklob sapling (Zot)
  2 ball pythons (Zot)
  A hobgoblin (Zot)
  A giant newt (Zot)
  4 goblins (Zot)
  4 kobolds (Zot)
  3 rats (Zot)
16 creatures vanquished.

Grand Total: 93 creatures vanquished

Notes
Turn   | Place    | Note
--------------------------------------------------------------
     0 | Zot      | Niddhoggr, the Minotaur Berserker, began the quest for the Orb.
     0 | Zot      | Reached XP level 1. HP: 19/19 MP: 1/1
   238 | Zot      | Reached XP level 2. HP: 25/27 MP: 1/1
   253 | Zot      | Reached skill level 4 in Fighting
   263 | Zot      | Noticed Styovuopn
   276 | Zot      | Killed Styovuopn the jelly
   276 | Zot      | Reached XP level 3. HP: 17/35 MP: 2/2
   276 | Zot      | Reached XP level 4. HP: 19/41 MP: 2/2
   288 | Zot      | Reached skill level 5 in Fighting
   310 | Zot      | Reached XP level 5. HP: 32/48 MP: 2/2
   394 | Zot      | Reached skill level 5 in Axes
   464 | Zot      | Noticed Smuziula
   474 | Zot      | Killed Smuziula the deep elf mage
   474 | Zot      | Reached XP level 6. HP: 54/57 MP: 3/3
   556 | Zot      | Reached skill level 6 in Fighting
   654 | Zot      | Reached XP level 7. HP: 27/64 MP: 3/3
   766 | Zot      | Noticed Ijyb
   771 | Zot      | Killed Ijyb
   952 | Zot      | Reached skill level 5 in Dodging
   958 | Zot      | Reached skill level 7 in Fighting
   971 | Zot      | HP: 2/66 [gnoll/spear (10)]
   971 | Zot      | Mangled by a gnoll

Action                   |  1- 3 |  4- 6 |  7- 9 || total
-------------------------+-------+-------+-------++-------
Melee: Hand axe          |    22 |    25 |    20 ||    67
Invok: Berserk           |       |       |     1 ||     1
 Abil: Make arrow trap   |       |     2 |       ||     2
       Make oklob saplin |       |     4 |       ||     4
  Use: Potion            |       |     1 |       ||     1
